Map: Lost and Found LE

Players

Has - Winner!

  • Race: Protoss Protoss
  • Spawn Location: 7:00

Nerchio

  • Race: Zerg Zerg
  • Spawn Location: 1:00

Event: WCS Valencia 2018

VOD

Have the link to the VOD?

Description

Time

  • Played on: July 14, 2018, 9:43 a.m.
  • Length: 10:48

All games in this series

Show
View Real Time Build Order
Export as new Build Order

Has Protoss - Winner!

Build Orders: 1 Gate Expand, Chargelot Immortal 

Get SALT Encoding   

  12  0:00  Probe  
  13  0:12  Probe  
  14  0:19  Pylon  
  14  0:22  Probe  
  15  0:33  Probe  
  15  0:38  Gateway  
  16  0:44  Probe  
  17  0:54  Probe  
  18  0:57  Assimilator  
  18  1:02  Probe  
  18  1:10  Probe  
  20  1:23  Nexus  
  20  1:34  Cybernetics Core  
  20  1:36  Probe  
  21  1:48  Probe  
  21  1:52  Assimilator  
  21  1:53  Pylon  
  22  2:00  Probe  
  23  2:08  Probe  
  24  2:16  Probe  
  24  2:18  Warp Gate, Stalker  
  27  2:27  Probe  
  28  2:31  Twilight Council, Probe  
  29  2:39  Probe  
  29  2:40  Probe  
  31  2:50  Probe  
  32  2:51  Probe  
  32  2:53  Robotics Facility  
  33  3:00  Gateway  
  33  3:02  Probe  
  33  3:04  Probe  
  35  3:06  Sentry  
  35  3:10  Probe  
  37  3:16  Probe  
  39  3:20  Gateway  
  39  3:23  Gateway  
  39  3:25  Charge  
  39  3:28  Probe x2  
  39  3:33  Observer  
  41  3:37  Pylon  
  41  3:40  Probe  
  43  3:41  Probe  
  43  3:48  Forge  
  44  3:52  Warp Prism, Probe  
  44  3:53  Probe  
  48  4:00  Pylon  
  48  4:05  Probe x2  
  50  4:17  Probe  
  51  4:18  Probe  
  51  4:21  Zealot x2  
  51  4:22  Zealot x2  
  60  4:27  Pylon  
  60  4:36  Protoss Ground Weapons Level 1  
  60  4:40  Immortal  
  60  4:42  Pylon  
  60  4:52  Nexus  
  64  4:53  Zealot  
  64  4:54  Pylon  
  64  4:56  Probe x2  
  64  4:59  Pylon  
  68  5:08  Probe  
  68  5:09  Probe  
  68  5:11  Immortal  
  70  5:15  Sentry x2  
  78  5:22  Gateway x2  
  78  5:24  Gateway  
  78  5:28  Gateway  
  78  5:32  Gateway  
  78  5:35  Probe x2  
  80  5:41  Immortal  
  80  5:47  Probe x2  
  82  5:50  Shield Battery  
  82  5:52  Pylon  
  86  6:00  Sentry, Pylon  
  86  6:01  Pylon  
  88  6:25  Zealot x4  
  88  6:26  Zealot x4  
  103  6:36  Pylon  
  103  6:48  Sentry x3  
  103  6:49  Zealot x3  
  103  6:50  Zealot x3  
  121  7:06  Probe x2  
  121  7:08  Pylon  
  123  7:11  Zealot x6  
  123  7:12  Zealot x2  
  123  7:29  Zealot  
  103  7:33  Zealot x8  
  103  7:35  Immortal  
  107  7:56  Zealot x9  
  121  8:05  Immortal  
  99  8:13  Zealot x2  
  99  8:14  Zealot x2  
  99  8:15  Protoss Ground Weapons Level 2  
  93  8:26  Zealot x6  
  95  8:28  Zealot x2  
  102  8:34  Warp Prism  
  99  8:42  Zealot  
  99  8:45  Photon Cannon  
  99  8:46  Photon Cannon  
  99  8:47  Sentry x2  
  107  8:49  Zealot  
  107  8:50  Zealot x4  
  117  9:05  Warp Prism  
  117  9:11  Zealot x9  
  137  9:33  Stalker x6  
  125  9:53  Zealot x3  
  125  9:57  Zealot x5  
  125  9:58  Zealot  
  129  10:14  Zealot  
  129  10:15  Zealot x2  
  129  10:18  Zealot x4  
  129  10:19  Zealot x2  
  137  10:37  Zealot x5  
  137  10:38  Zealot  
  139  10:44  Zealot x3  
Show
View Real Time Build Order
Export as new Build Order

Nerchio Zerg 

Build Orders: Hatch First 

Get SALT Encoding   

  12  0:00  Drone  
  13  0:13  Overlord  
  13  0:16  Drone  
  14  0:31  Drone x2  
  14  0:34  Drone  
  17  0:53  Hatchery  
  17  0:56  Drone  
  17  1:09  Spawning Pool  
  16  1:11  Extractor  
  16  1:15  Drone  
  16  1:18  Drone  
  17  1:22  Drone  
  18  1:28  Drone  
  19  1:39  Overlord  
  19  1:50  Drone  
  20  1:56  Queen  
  20  2:00  Zergling x2  
  23  2:04  Queen  
  23  2:06  Zergling x2  
  26  2:13  Metabolic Boost  
  26  2:17  Drone  
  26  2:18  Drone  
  28  2:23  Drone  
  28  2:27  Drone  
  30  2:40  Hatchery  
  30  2:42  Drone  
  30  2:45  Drone  
  31  2:53  Zergling x4  
  31  2:56  Zergling x2  
  34  2:58  Overlord  
  34  3:04  Queen  
  36  3:17  Drone  
  36  3:18  Drone x5  
  36  3:19  Drone  
  43  3:31  Overlord  
  43  3:32  Drone  
  43  3:36  Overlord  
  43  3:39  Drone  
  43  3:43  Lair  
  43  3:50  Drone x2, Roach Warren  
  43  3:51  Drone x2  
  43  3:53  Drone  
  47  3:58  Drone x2  
  47  4:00  Extractor  
  48  4:03  Queen  
  48  4:06  Drone  
  48  4:09  Extractor  
  50  4:12  Drone x2  
  50  4:15  Overlord  
  52  4:31  Overlord, Roach  
  56  4:34  Spine Crawler, Roach  
  56  4:35  Roach  
  56  4:36  Roach  
  56  4:38  Roach x2  
  63  4:39  Roach  
  63  4:44  Overlord  
  65  4:50  Roach  
  65  4:51  Roach x2  
  71  4:53  Roach  
  71  4:56  Overlord  
  71  4:58  Overseer  
  73  5:06  Glial Reconstitution  
  73  5:07  Drone x4  
  73  5:10  Drone  
  73  5:14  Drone x3  
  80  5:16  Drone  
  80  5:19  Drone  
  80  5:20  Drone  
  84  5:22  Overseer  
  84  5:32  Overlord x2  
  84  5:35  Extractor  
  83  5:36  Roach x2  
  83  5:37  Baneling Nest  
  83  5:38  Roach  
  83  5:42  Roach  
  90  5:45  Overlord  
  90  5:47  Overlord  
  90  5:49  Overlord  
  90  5:52  Roach x2  
  90  5:54  Roach  
  90  5:56  Roach  
  98  5:59  Overlord  
  98  6:22  Roach  
  98  6:23  Roach x9  
  98  6:25  Roach  
  114  6:26  Roach  
  118  6:40  Roach x6  
  118  6:42  Zergling x2  
  118  6:43  Zergling x4  
  118  6:44  Zergling x2  
  132  6:49  Baneling x6  
  132  6:52  Zergling x4  
  132  6:55  Roach  
  134  7:02  Baneling  
  134  7:03  Baneling x3  
  134  7:05  Zergling x8  
  138  7:10  Overlord  
  138  7:11  Overlord  
  134  7:16  Zergling x6  
  125  7:27  Roach x2  
  125  7:28  Roach, Queen  
  119  7:33  Roach x2  
  119  7:34  Roach  
  119  7:36  Roach  
  118  7:39  Roach  
  118  7:42  Roach  
  110  7:47  Roach  
  110  7:48  Ravager x3  
  110  7:51  Roach  
  115  7:52  Roach  
  111  7:59  Roach x2  
  111  8:02  Roach  
  103  8:06  Roach  
  103  8:09  Roach  
  93  8:13  Roach  
  93  8:16  Roach  
  93  8:18  Drone x3  
  93  8:20  Drone  
  93  8:26  Drone  
  95  8:28  Drone  
  95  8:32  Drone x2  
  95  8:33  Drone x2  
  100  8:41  Extractor, Drone x2  
  101  8:57  Zergling x14  
  108  9:06  Drone x3  
  108  9:07  Drone x2  
  108  9:08  Drone  
  108  9:09  Drone  
  116  9:10  Centrifical Hooks, Drone x2  
  116  9:13  Evolution Chamber, Drone  
  117  9:22  Baneling x5  
  117  9:24  Zergling x12  
  123  9:28  Baneling x2  
  123  9:29  Zergling x2  
  123  9:30  Zergling x4  
  126  9:31  Zergling x2  
  126  9:34  Roach  
  126  9:35  Roach  
  128  9:39  Roach  
  118  9:46  Roach  
  118  9:51  Zergling x4  
  118  9:52  Zergling x2  
  119  10:01  Roach x3  
  119  10:02  Roach  
  122  10:08  Overlord x2  
  122  10:09  Zergling x2  
  122  10:10  Zergling x2  
  123  10:21  Zergling x2  
  124  10:26  Overlord  
  120  10:29  Roach  
Tags
 
Add a new tag
Caveats
  • Supply blocks, unpowered buildings, or Contaminate may cause inaccurate times.
  • Supply counts are checked every 10 seconds.